 Dungeon Crawl Stone Soup version 0.32-a0-407-g4da7c8d6d1 (webtiles) character file.

Game seed: 15595611600013917902

57939 Goblin1989 the Slicer (level 14, -6/90 (106) HPs)
             Began as a Coglin Brigand on Feb 20, 2024.
             Was an Initiate of Gozag.
             Killed from afar by a laughing skull (22 damage)
             ... with a bolt of negative energy
             ... on level 4 of the Abyss.
             The game lasted 01:32:40 (22919 turns).

Goblin1989 the Slicer (Coglin Brigand)             Turns: 22919, Time: 01:32:40

HP:   -6/90 (106)   AC:  8    Str: 13    XL:     14   Next: 88%
MP:   14/14         EV: 23    Int: 11    God:    Gozag
Gold: 1616          SH:  5    Dex: 17    Spells: 13/13 levels left

rFire   + . .        U - +2 short sword "Afos" {flame, rElec}
rCold   . . .        l - +2 dagger (venom) {Doyun}
rNeg    . . .        B - +2 robe {Will+}
rPois   +            y - +0 helmet
rElec   +            V - +1 cloak of Piarphuco {Will++ Slay+6 Stlth+}
rCorr   .            (no gloves)
SInv    +            w - +0 pair of boots {rampage}
Will    ++++.        H - amulet of reflection
Stlth   +++++        R - ring of Apesetuz {rF+ EV+5}
HPRegen 0.35/turn    K - ring of Pantheism {rPois SInv}
MPRegen 0.14/turn

%: reflection, rampage
@: gold aura, immotile, heavily drained, revving
A: off-hand wielding, slow wielding, warmup strikes, legs shutdown, [clumsy 1]
a: Renounce Religion, Potion Petition, Call Merchant, Bribe Branch


You were on level 4 of the Abyss.
You worshipped Gozag.
Gozag was most pleased with you.
You visited 2 branches of the dungeon, and saw 16 of its levels.
You visited the Abyss 1 time.

You collected 4819 gold pieces.
You spent 1940 gold pieces at shops.
You paid 1263 gold pieces to Gozag.

Inventory:

Hand Weapons
 l - a +2 dagger of venom (offhand) {Doyun}
 q - a +2 short sword of draining {Wanphen}
 r - a +1 rapier
 E - a +0 rapier
 Q - a +0 rapier of distortion {!w}
 U - the +2 short sword "Afos" (weapon) {flame, rElec}
   (You took it off a spriggan on level 5 of the Lair of Beasts)

   rElec:     It insulates you from electricity.
Missiles
 d - 42 poisoned darts
 f - 176 stones (quivered)
 h - 20 boomerangs {@Q3}
 o - 3 silver javelins {@Q3}
 s - 2 throwing nets {!d , @Q1}
 S - 3 curare-tipped darts
 Y - 4 atropa-tipped darts
Armour
 w - a +0 pair of boots of rampaging (worn)
 y - a +0 helmet (worn)
 B - a +2 robe of willpower (worn)
 V - the +1 cloak of Piarphuco (worn) {Will++ Slay+6 Stlth+}
   (You acquired it on level 5 of the Lair of Beasts)

   Slay+6:    It affects your accuracy & damage with ranged weapons and melee
   (+6).
   Will++:    It greatly increases your willpower.
   Stlth+:    It makes you more stealthy.
Jewellery
 i - a ring of protection from cold
 C - a ring of positive energy
 H - an amulet of reflection (around neck)
 K - the ring of Pantheism (right grasper) {rPois SInv}
   (You bought it in a shop on level 3 of the Dungeon)

   [ring of see invisible]

   rPois:     It protects you from poison SInv: It lets you see invisible.
 R - the ring of Apesetuz (left grasper) {rF+ EV+5}
   (You bought it in a shop on level 3 of the Dungeon)

   [ring of evasion]

   EV+5:      It affects your evasion (+5).
   rF+:       It protects you from fire.
Wands
 v - a wand of flame (26) {@v1}
 x - a wand of polymorph (26)
 D - a wand of mindburst (24)
 P - a wand of light (12)
Scrolls
 p - 3 scrolls of noise
 z - 7 scrolls of enchant armour
 F - a scroll of poison
 G - a scroll of revelation
 J - 2 scrolls of amnesia
 L - 5 scrolls of vulnerability
 N - 3 scrolls of immolation
 O - 3 scrolls of teleportation {!r, @r2}
 Z - 4 scrolls of identify {@r1}
Potions
 j - 2 potions of heal wounds {@q2}
 n - a potion of lignification
 A - 2 potions of haste
 I - 2 potions of attraction
 M - 2 potions of berserk rage
 T - a potion of mutation {unknown}
 W - 2 potions of enlightenment {unknown}
 X - 4 potions of brilliance {unknown}


   Skills:
 + Level 8.8 Fighting
 - Level 14.0 Short Blades
 + Level 8.6 Throwing
 + Level 10.7 Dodging
 - Level 9.0 Stealth
 * Level 11.9 Evocations


You had 13 spell levels left.
You didn't know any spells.
Your spell library contained the following spells:

 Spells                   Type           Power      Damage    Failure   Level
 Sandblast                Erth           0%         2d4       34%         1
 Shock                    Conj/Air       0%         1d3       34%         1
 Summon Small Mammal      Summ           0%         N/A       34%         1
 Jinxbite                 Hex            0%         N/A       47%         2
 Lesser Beckoning         Tloc           0%         N/A       47%         2
 Mercury Vapours          Alch/Air       0%         N/A       47%         2
 Static Discharge         Conj/Air       0%         3-3/arc   47%         2
 Call Canine Familiar     Summ           0%         N/A       71%         3
 Fugue of the Fallen      Necr           0%         N/A       71%         3
 Gell's Gravitas          Tloc           0%         N/A       71%         3
 Inner Flame              Hex/Fire       0%         N/A       71%         3
 Mephitic Cloud           Conj/Alch/Air  0%         N/A       71%         3
 Ozocubu's Armour         Ice            0%         N/A       71%         3
 Passwall                 Erth           0%         N/A       71%         3
 Stone Arrow              Conj/Erth      0%         3d7       71%         3
 Swiftness                Air            0%         N/A       71%         3
 Teleport Other           Tloc           0%         N/A       71%         3
 Tukima's Dance           Hex            0%         N/A       71%         3
 Airstrike                Air            0%         2d(0-16)  98%         4
 Brom's Barrelling Bould  Conj/Erth      0%         2d3       98%         4
 Flame Wave               Conj/Fire      0%         2d4       98%         4
 Manifold Assault         Tloc           0%         N/A       98%         4
 Passage of Golubria      Tloc           0%         N/A       98%         4
 Sticky Flame             Fire/Alch      0%         2d4       98%         4
 Summon Blazeheart Golem  Fire/Summ      0%         N/A       98%         4
 Summon Lightning Spire   Summ/Air       0%         N/A       98%         4
 Freezing Cloud           Conj/Ice/Air   0%         6-21      100%        5
 Yara's Violent Unravell  Hex/Alch       0%         3d3       100%        5
 Enfeeble                 Hex            0%         N/A       100%        7


Dungeon Overview and Level Annotations

Branches:
Dungeon (11/15) Zot: 25510  Temple (0/1) D:5            Lair (5/5) D:11 Zot: 21909
 Shoals (0/4) Lair:3       Spider (0/4) Lair:3        Slime (0/5) Lair:4
    Orc: D:9-12

Altars:
Cheibriados
Fedhas
Gozag
Hepliaklqana
Makhleb
Nemelex Xobeh
Ru
Sif Muna
Uskayaw
Vehumet
Xom
Yredelemnul
Jiyva
Lugonu

Shops:
D:1 *   D:3 =   D:7 *   D:9 ?   D:10 [   Lair:4 [

Portals:
Abyss: Lair:5

Annotations:
D:2 1 runed translucent door, Crazy Yiuf
D:3 3 runed translucent doors, ILmort's ghost, amateur MDFi
D:7 1 runed translucent door
D:11 Psyche; Sonja
Lair:2 exclusions: hydra and 3 oklob plants
Lair:5 exclusion: hydra


Innate Abilities, Weirdness & Mutations

You can wield a second weapon in your off-hand.
It takes a long time for you to wield or remove held weapons.
Your first few attacks do less damage.
Attacking and casting redirects power from your legs.
[You are clumsy. (Dex -2)]


Message History

The large abomination is severely damaged.
You puncture the large abomination with the +2 short sword "Afos"!
You burn the large abomination.
You block the large abomination's attack.
You hit the large abomination but do no damage.
The large abomination is almost destroyed.
You hit the large abomination with your +2 dagger of venom.
You destroy the large abomination!
You feel the corruption within you wane somewhat.
You feel stronger.
You feel agile.
You recover from draining at a normal speed again.
Unknown command.
You are no longer unable to travel.
You now have 1604 gold pieces (gained 13).
A wraith comes into view.
You throw a stone. The stone closely misses the wraith.
You closely miss the wraith with your +2 dagger of venom.
You closely miss the wraith with the +2 short sword "Afos".
You hit the wraith with the +2 short sword "Afos".
You burn the wraith.
The wraith is moderately damaged.
You hit the wraith with your +2 dagger of venom.
The wraith misses you.
You puncture the wraith with the +2 short sword "Afos"!
You burn the wraith.
The wraith is severely damaged.
You hit the wraith but do no damage. You hit the wraith but do no damage.
The wraith is severely damaged.
You closely miss the wraith with the +2 short sword "Afos".
The wraith misses you.
You puncture the wraith with your +2 dagger of venom!
The wraith is almost destroyed.
You closely miss the wraith with the +2 short sword "Afos".
You hit the wraith but do no damage.
The wraith is almost destroyed.
You hit the wraith with the +2 short sword "Afos".
You burn the wraith.
You destroy the wraith!
You cannot move.
You are no longer unable to travel.
You now have 1609 gold pieces (gained 5).
You rampage towards the nagaraja simulacrum!
You hit the nagaraja simulacrum with your +2 dagger of venom.
The nagaraja simulacrum is lightly damaged.
You barely miss the nagaraja simulacrum with the +2 short sword "Afos".
You hit the nagaraja simulacrum with your +2 dagger of venom.
The nagaraja simulacrum is lightly damaged.
You puncture the nagaraja simulacrum with the +2 short sword "Afos"!
You melt the nagaraja simulacrum.
You hit the nagaraja simulacrum with the +2 short sword "Afos".
You melt the nagaraja simulacrum.
The nagaraja simulacrum is heavily damaged.
You puncture the nagaraja simulacrum with your +2 dagger of venom!
The nagaraja simulacrum closely misses you.
The nagaraja simulacrum completely misses you.
You hit the nagaraja simulacrum with your +2 dagger of venom.
The nagaraja simulacrum is almost destroyed.
You barely miss the nagaraja simulacrum with the +2 short sword "Afos".
You hit the nagaraja simulacrum with your +2 dagger of venom.
The nagaraja simulacrum is almost destroyed.
You puncture the nagaraja simulacrum with the +2 short sword "Afos"!
You melt the nagaraja simulacrum.
The nagaraja simulacrum vaporises!
You cannot move.
You are no longer unable to travel.
A laughing skull comes into view.
A laughing skull comes into view.
You rampage towards the laughing skull!
A wretched star and 3 laughing skulls come into view.
The laughing skull closely misses you. You block the laughing skull's attack.
You see here 7 gold pieces.
You now have 1616 gold pieces (gained 7).
The laughing skull gives a hideous shriek! x2
You hear a shout!
The laughing skull gibbers with scorn.
The bolt of negative energy misses you. The laughing skull closely misses you.
The laughing skull gives a hideous shriek!
The laughing skull attacks as it pursues you!
You block the laughing skull's attack.
The laughing skull gibbers with scorn.
The bolt of negative energy hits the laughing skull.
The laughing skull completely resists.
The bolt of negative energy hits you!!!
You feel drained.
* * * LOW HITPOINT WARNING * * *
The laughing skull lets out a vicious peal of laugher.
The bolt of negative energy hits the laughing skull.
The laughing skull completely resists.
The bolt of negative energy hits you!!
You feel drained.
* * * LOW HITPOINT WARNING * * *
You block the laughing skull's attack.
You take 70 damage, and have 15/94 hp.
MASSIVE DAMAGE!!
You hit the laughing skull with the +2 short sword "Afos".
The laughing skull is moderately damaged.
You puncture the laughing skull with your +2 dagger of venom!
The laughing skull lets out a vicious peal of laugher.
The bolt of negative energy hits you!!
You feel drained.
You die...
The laughing skull crumbles to pieces from sheer joy.
Your body crumbles into a pile of gold.

. . ███
...█████.███ .. X█
█.█....█.. .██ .
█...█... ██..██
█.......██. .....
..
.█.█.█.██@█...█...
. . ██ ██.z██
z.... ██ █ . █.
█.██.█..z.z.. ≈ ..
█ ..


██z█ . █≈ ..██ █zz.█ . █ . .███. . ...██ █. █ █. █.██ .. .█..█ .. █ █ █ █ .
█.█....██. You could see a laughing skull.

Vanquished Creatures
  Gastronok (D:11)
  4 hydras
  2 two-headed ogres
  4 thrashing horrors (Lair:5)
  2 skysharks (Lair:4)
  A wretched star (Abyss:2)
  A sixfirhy (Abyss:4)
  A spatial maelstrom (Abyss:2)
  A sea snake (Lair:2)
  A large abomination (Abyss:4)
  A lindwurm (Lair:5)
  Pikel (D:4)
  3 ugly things (Lair:5)
  A manticore (Lair:3)
  Maurice (D:8)
  A black mamba (shapeshifter) (Lair:5)
  23 elephants
  7 black mambas
  A gargoyle (D:10)
  An unseen horror (D:11)
  15 cane toads
  A kobold demonologist (D:9)
  2 smoke demons
  Jeremiah (D:8)
  3 rime drakes
  7 komodo dragons
  A troll (D:10)
  A polar bear (Lair:4)
  20 blink frogs
  6 raiju
  A wind drake (Lair:3)
  Prince Ribbit (D:8)
  2 slime creatures (Lair:4)
  Sigmund (D:3)
  A ynoxinul (Lair:5)
  2 shadows
  A wraith (Abyss:4)
  9 wyverns
  A spriggan (Lair:5)
  2 vampires
  A naga simulacrum (Abyss:4)
  42 yaks
  A steam dragon (D:10)
  9 basilisks
  3 chaos spawn (Lair:5)
  3 redbacks (Lair:3)
  13 small abominations (Lair:5)
  Edmund (D:4)
  2 acid dragons
  11 water moccasins
  Duvessa (D:4)
  2 orc warriors (D:11)
  2 sky beasts
  4 black bears
  10 wolves
  2 ogres
  2 phantoms (D:5)
  5 centaurs
  3 lemures (D:3)
  2 starcursed masses (Abyss:4)
  5 kobold brigands
  Blork the orc (D:5)
  10 bullfrogs
  A gnoll sergeant (D:8)
  2 scorpions
  Dowan (D:4)
  4 killer bees (D:10)
  2 bombardier beetles
  5 howler monkeys
  4 electric eels (Lair:2)
  2 jellies (Lair:4)
  3 hounds
  4 orc priests
  A gnoll bouda (D:8)
  3 iguanas
  Natasha (D:3)
  Terence (D:2)
  10 orc wizards
  Ijyb (D:3)
  5 hell rats (Lair:5)
  Robin (D:3)
  6 adders
  17 gnolls
  4 ufetubi
  2 ribbon worms
  2 dart slugs (D:1)
  23 orcs
  4 bats
  10 endoplasms
  2 giant cockroaches (D:2)
  14 goblins
  10 hobgoblins
  26 kobolds
  3 quokkas
  4 ball pythons
  3 frilled lizards
  A jackal skeleton (D:7)
  A kobold zombie (D:7)
  A rat (D:2)
455 creatures vanquished.

Vanquished Creatures (collateral kills)
  Amaemon (D:8)
  A yak (D:8)
2 creatures vanquished.

Grand Total: 457 creatures vanquished

Notes
Turn   | Place    | Note
-------+----------+-------------------------------------------
     0 | D:1      | Goblin1989 the Coglin Brigand began the quest for the Orb.
     0 | D:1      | Reached XP level 1. HP: 16/16 MP: 1/1
    88 | D:1      | Reached skill level 2 in Short Blades
    88 | D:1      | Reached XP level 2. HP: 22/22 MP: 2/2
   372 | D:1      | Reached XP level 3. HP: 22/27 MP: 3/3
   631 | D:1      | Found Ukamapp's Assorted Antiques.
   635 | D:1      | Bought a scroll labelled BENOR NIMEORCHU for 23 gold pieces
   762 | D:1      | Found a faded altar of an unknown god.
  1213 | D:2      | Reached XP level 4. HP: 33/33 MP: 4/4
  1334 | D:2      | Reached skill level 3 in Short Blades
  1395 | D:2      | Noticed Terence
  1403 | D:2      | Killed Terence
  1484 | D:2      | Found a runed translucent door.
  1485 | D:2      | Noticed Crazy Yiuf
  1823 | D:3      | Found Tagroxudgh's One-of-a-Kind Rings.
  1840 | D:3      | Noticed Sigmund
  1877 | D:3      | Noticed Robin
  1893 | D:4      | Reached XP level 5. HP: 38/38 MP: 5/5
  1982 | D:4      | Noticed a black bear
  1995 | D:4      | Killed a black bear
  1996 | D:4      | Reached skill level 4 in Short Blades
  1996 | D:4      | Reached skill level 5 in Stealth
  1996 | D:4      | Reached XP level 6. HP: 29/44 MP: 6/6
  1996 | D:4      | Noticed Dowan
  2100 | D:3      | Found a runed translucent gate.
  2101 | D:3      | Found a runed translucent gate.
  2102 | D:3      | Found a runed translucent gate.
  2103 | D:3      | Noticed ILmort's ghost (amateur MDFi)
  2343 | D:3      | Noticed Ijyb
  2353 | D:3      | Killed Ijyb
  2940 | D:3      | Killed Robin
  3136 | D:4      | Noticed Natasha
  3149 | D:3      | Killed Natasha
  3348 | D:3      | Reached XP level 7. HP: 41/50 MP: 7/7
  3438 | D:3      | Killed Sigmund
  3439 | D:3      | Reached skill level 5 in Short Blades
  3521 | D:4      | Noticed Pikel
  3843 | D:4      | Killed Dowan
  3911 | D:4      | Noticed Duvessa
  3936 | D:4      | Killed Duvessa
  3937 | D:4      | Reached skill level 6 in Short Blades
  3942 | D:4      | Killed Pikel
  3943 | D:4      | Reached skill level 7 in Short Blades
  3943 | D:4      | Reached XP level 8. HP: 39/56 MP: 8/8
  4248 | D:4      | Noticed Edmund
  4270 | D:4      | Reached skill level 8 in Short Blades
  4287 | D:4      | Killed Edmund
  4422 | D:4      | Identified the +1 chain mail of Bad Feelings {rF+}
  4448 | D:4      | Found an opulent altar of Gozag.
  4463 | D:4      | Became a worshipper of Gozag Ym Sagoz the Greedy
  4557 | D:5      | Entered Level 5 of the Dungeon
  4844 | D:5      | Reached skill level 9 in Short Blades
  4854 | D:5      | Reached XP level 9. HP: 61/61 MP: 9/9
  4887 | D:5      | Reached skill level 1 in Dodging
  5263 | D:5      | HP: 1/62 [centaur/arrow (13)]
  5514 | D:5      | Found a staircase to the Ecumenical Temple.
  5980 | D:5      | Noticed Blork the orc
  5990 | D:5      | Killed Blork the orc
  6090 | D:5      | Found a sacrificial altar of Ru.
  6095 | D:5      | Found a blossoming altar of Fedhas.
  6257 | D:5      | Found a hazy altar of Hepliaklqana.
  6349 | D:3      | Bought the ring of Pantheism {rPois SInv} for 366 gold
                  | pieces
  6573 | D:6      | Found a snail-covered altar of Cheibriados.
  6635 | D:6      | Found a hide-covered altar of Uskayaw.
  6637 | D:6      | Noticed a +0 hand axe
  6637 | D:6      | Noticed a +0 hand axe
  7259 | D:6      | Found a shimmering altar of Xom.
  7331 | D:6      | Found a shimmering blue altar of Sif Muna.
  7385 | D:7      | Found a radiant altar of Vehumet.
  7463 | D:7      | Reached skill level 10 in Short Blades
  7593 | D:7      | Found a runed translucent door.
  7598 | D:7      | Found a basalt altar of Yredelemnul.
  7701 | D:7      | Found Ariavy's General Store.
  7710 | D:7      | Bought a scroll of summoning for 123 gold pieces
  7754 | D:7      | Found a burning altar of Makhleb.
  8093 | D:8      | Noticed Jeremiah
  8165 | D:8      | Found a sparkling altar of Nemelex Xobeh.
  8191 | D:8      | Reached XP level 10. HP: 67/72 MP: 10/10
  8243 | D:8      | Noticed Maurice
  8245 | D:8      | Noticed an orange demon
  8267 | D:8      | Maurice stole 3 silver javelins {@Q3}
  8273 | D:8      | Noticed Amaemon
  8281 | D:8      | Maurice stole a ring of positive energy
  8283 | D:8      | Killed Maurice
  8295 | D:8      | Killed Amaemon
  8296 | D:8      | Reached skill level 5 in Fighting
  8296 | D:8      | Reached skill level 11 in Short Blades
  8539 | D:8      | Noticed a two-headed ogre
  8544 | D:8      | Killed a two-headed ogre
  8634 | D:8      | Noticed Prince Ribbit
  8667 | D:8      | Killed Prince Ribbit
  8938 | D:8      | Reached skill level 5 in Dodging
  9302 | D:8      | Killed Jeremiah
  9698 | D:9      | Reached XP level 11. HP: 71/81 MP: 11/11
  9900 | D:9      | Reached skill level 12 in Short Blades
  9940 | D:9      | Found Sukhen's Magic Scroll Shop.
 10196 | D:9      | Bought a scroll of blinking for 97 gold pieces
 10196 | D:9      | Bought a scroll of enchant armour for 97 gold pieces
 10196 | D:9      | Bought a scroll of immolation for 52 gold pieces
 10196 | D:9      | Bought a scroll of identify for 26 gold pieces
 10196 | D:9      | Bought a scroll of identify for 26 gold pieces
 10196 | D:9      | Bought a scroll of teleportation for 39 gold pieces
 10612 | D:10     | Entered Level 10 of the Dungeon
 11635 | D:10     | Reached skill level 13 in Short Blades
 12179 | D:10     | Found Oseiwn's Superior Scales.
 12370 | D:11     | Noticed a two-headed ogre
 12390 | D:11     | Killed a two-headed ogre
 12555 | D:11     | Noticed Gastronok
 12640 | D:11     | Found a staircase to the Lair.
 12662 | D:11     | Reached skill level 1 in Evocations
 13232 | D:11     | Noticed Sonja
 13493 | D:3      | Bought the ring of Apesetuz {rF+ EV+5} for 700 gold pieces
 13677 | Lair:1   | Entered Level 1 of the Lair of Beasts
 13680 | Lair:1   | Reached XP level 12. HP: 88/88 MP: 12/12
 14863 | Lair:2   | Noticed a six-headed hydra
 14913 | Lair:2   | Reached skill level 14 in Short Blades
 15623 | Lair:2   | Noticed a five-headed hydra
 15696 | Lair:3   | Reached skill level 5 in Evocations
 15890 | Lair:3   | Noticed a seven-headed hydra
 15969 | Lair:3   | Found a hole to the Spider Nest.
 16075 | Lair:3   | Reached skill level 5 in Throwing
 16294 | Lair:3   | Reached XP level 13. HP: 65/96 MP: 13/13
 16755 | Lair:3   | Found a staircase to the Shoals.
 17698 | Lair:4   | Found a viscous altar of Jiyva.
 17705 | Lair:4   | Found a staircase to the Slime Pits.
 18272 | Lair:4   | Bought a pair of glowing boots for 262 gold pieces
 18283 | Lair:4   | Bought a glowing robe for 129 gold pieces
 18341 | Lair:5   | Entered Level 5 of the Lair of Beasts
 18740 | Lair:5   | Identified a scroll of acquirement
 18740 | Lair:5   | Acquired the +1 cloak of Piarphuco {Will++ Slay+6 Stlth+}
 19662 | Lair:5   | Reached XP level 14. HP: 105/105 MP: 14/14
 20014 | Lair:5   | Reached skill level 10 in Dodging
 20035 | Lair:5   | Identified the +2 short sword "Afos" {flame, rElec}
 20140 | Lair:5   | Found a corrupted altar of Lugonu.
 20140 | Lair:5   | Found a one-way gate to the infinite horrors of the Abyss.
 20480 | Lair:5   | Reached skill level 10 in Evocations
 22103 | D:11     | Noticed Psyche
 22114 | D:11     | Killed Gastronok
 22115 | Abyss:2  | Found a corrupted altar of Lugonu.
 22115 | Abyss:2  | Cast into level 2 of the Abyss (Psyche)
 22166 | Abyss:2  | Found a corrupted altar of Lugonu.
 22494 | Abyss:3  | Noticed a starcursed mass
 22498 | Abyss:3  | Noticed a lorocyproca
 22572 | Abyss:3  | Noticed a tentacled starspawn
 22588 | Abyss:3  | Found a corrupted altar of Lugonu.
 22609 | Abyss:4  | Upgraded the game from 0.32-a0-391-gce5c0aab1b to
                  | 0.32-a0-407-g4da7c8d6d1
 22817 | Abyss:4  | Noticed a starcursed mass
 22919 | Abyss:4  | Killed from afar by a laughing skull

Illustrated notes

Levels and vault maps discovered:
D:1:      evilmike_arrival_rings, layout_basic,
          dreamdust_ecumenical_altar_hidden_monk_grotto, serial_shops, shop,
          moated_statue
D:2:      layout_loops_ring, uniq_terence, uniq_crazy_yiuf_cottage
D:3:      layout_basic, gammafunk_ghost_nasty_kobolds,
          nicolae_shop_unique_rings, uniq_ijyb, uniq_sigmund, uniq_robin
D:4:      layout_rooms, old_standard_altar, uniq_natasha, uniq_duvessa,
          uniq_pikel, uniq_edmund
D:5:      nicolae_cairo_tiling, layout_loops_corners, minitemple,
          general_overflow_altar, minmay_temple_entry_offerings,
          kb_lookout_dungeons_type, nicolae_concentric_dashed_squares_mild,
          minmay_misc_feat_pillars, uniq_blork_the_orc
D:6:      layout_basic, regret_index_xom_buried_treasure,
          dancing_weapons_uskayaw, lemuel_blue_sif_altar, amcnicky_altar_gilded
D:7:      layout_loops_ring, dk_yredelemnul_ordeal, kennysheep_little_box,
          vehumet_crystals, serial_shops, nicolae_square_shop
D:8:      layout_basic, nemelex_xobeh_ov_fountains_minmay, uniq_prince_ribbit1,
          uniq_amaemon, uniq_maurice, uniq_jeremiah
D:9:      layout_irregular_city, serial_shops, nicolae_shop_waterfront
D:10:     layout_long_grid, hellmonk_scale_shop
D:11:     layout_basic, erik_lair_orcish_takeover, uniq_gastronok, uniq_sonja,
          uniq_psyche
Lair:1:   layout_layer_cave
Lair:2:   dpeg_oklob_gauntlet, layout_long_grid, minmay_hedge_maze,
          serial_bayou_lagoon_b
Lair:3:   layout_cave_pods, minmay_shoals_entry_beasts, spider_nest_entry_webs,
          lemuel_old_faithful, grunt_megastairs_1, serial_bayou_shore_b
Lair:4:   layout_gridlike, minmay_slime_entry_pillars
Lair:5:   hellmonk_lair_end_abyssal_woods, layout_regular_city,
          chequers_serial_rivers_micro_e, chequers_serial_rivers_small_3,
          grunt_megastairs_2
Abyss:4:  base: Lair:4, minivault_24, gammafunk_abyss_rune_reverse_zot,
          bh_abyss_exit_spiral, base:
Lair:4

Skill      XL: |  1  2  3  4  5  6  7  8  9 10 11 12 13 14 |
---------------+-------------------------------------------+-----
Short Blades   | 2 3 4 7 9 10 11 13 14 | 14.0
Stealth        | 4 5 6 7 9 |  9.0
Throwing       | 3 5 7 8 |  8.6
Dodging        | 3 5 7 8 9 10 | 10.7
Fighting       | 4 6 7 8 |  8.8
Evocations     | 1 5 8 11 | 11.9

Action                     |  1- 3 |  4- 6 |  7- 9 | 10-12 | 13-15 || total
---------------------------+-------+-------+-------+-------+-------++-------
  Melee: Dagger            |    71 |    99 |   231 |   787 |   715 ||  1903
         Short sword       |       |    76 |   240 |   815 |   731 ||  1862
  Throw: Dart              |       |    21 |    16 |    16 |    26 ||    79
         Boomerang         |       |    10 |     8 |       |       ||    18
         Stone             |       |     3 |     1 |       |     1 ||     5
         Throwing net      |       |       |     3 |       |     3 ||     6
         Javelin           |       |       |       |     9 |       ||     9
 Invoke: Potion Petition   |       |       |       |     2 |     2 ||     4
         Call Merchant     |       |       |       |       |     1 ||     1
  Evoke: Wand              |       |       |       |     7 |    22 ||    29
    Use: Scroll            |     1 |       |     5 |     7 |     4 ||    17
         Potion            |       |       |     5 |     3 |     2 ||    10
   Stab: Sleeping          |     7 |     4 |    11 |     7 |    16 ||    45
         Distracted        |       |       |     2 |     8 |    13 ||    23
         Held in net/web   |       |       |     1 |       |     2 ||     3
         Paralysed         |       |       |       |     1 |     5 ||     6
         Invisible         |       |       |       |       |     1 ||     1
 Armour: Robe              |    15 |    54 |   111 |   269 |   194 ||   643
         Skin              |       |       |    63 |       |       ||    63
  Dodge: Dodged            |    16 |    50 |   108 |   435 |   410 ||  1019
  Block: Other             |       |       |       |    40 |    94 ||   134

Table legend: (Time is in decaauts)
 A = Elapsed time spent in this place.
 B = Non-inter-level travel time spent in this place.
 C = Inter-level travel time spent in this place.
 D = Time resting spent in this place.
 E = Time spent auto-exploring this place.
 F = Levels seen in this place.
 G = Mean time per level.
                   A        B        C        D        E       F      G
               +--------+--------+--------+--------+--------+-----+--------+
         Total |  22877 |  21602 |   1275 |   4310 |  12457 |  19 | 1204.1 |
       Dungeon |  14011 |  12981 |   1030 |   2121 |   8486 |  11 | 1273.7 |
          Lair |   8090 |   7846 |    244 |   1974 |   3971 |   5 | 1618.0 |
         Abyss |    775 |    775 |      0 |    215 |      0 |   3 |  258.3 |
               +--------+--------+--------+--------+--------+-----+--------+

Top non-repeatable levels by time:
  Lair:5: 2598 daAuts
     D:3: 1991 daAuts
     D:5: 1820 daAuts
    D:10: 1768 daAuts
  Lair:2: 1614 daAuts
     D:8: 1535 daAuts
  Lair:4: 1515 daAuts
  Lair:3: 1496 daAuts
    D:11: 1217 daAuts
     D:4: 1054 daAuts
     D:9: 1048 daAuts
     D:1: 1043 daAuts
     D:6: 990 daAuts
  Lair:1: 866 daAuts
     D:7: 779 daAuts
